Cogmind - Beta 16.1 @@@ ROGUE MODE // 2026.03.20 @ 13:45:01 Player: GermanMO Result: Destroyed by Y-54 Guardian with Gatling Laser Performance ------------- Evolutions (0) 0 Regions Visited (3) 600 Robots Destroyed (11) 55 Value Destroyed (340) 340 Prototype IDs (13) 260 Alien Tech Used (0) 0 Bonus (0) 0 TOTAL SCORE: 1255 Bonus ------- None Cogmind --------- Core Integrity 0/250 Matter 280/300 Energy 98/100 System Corruption 0% Temperature Cool (12) Movement Rolling (80) Location -7/Recycling Parts ------- > --- POWER (1+3) ------ (None) > --- PROPULSION (2) --- Wheel Wheel > --- UTILITY (2) ------ Small Storage Unit Power Bank > --- WEAPON (2) ------- EM Pulse Gun > --- INVENTORY (8) ---- Core Shielding 1B-0RG's Assimilator Peak State ------------ > --- POWER ------------ Subdweller Power Source > --- PROPULSION ------- Light Treads Light Treads > --- UTILITY ---------- Small Storage Unit Power Bank > --- WEAPON ----------- Rocket Launcher Mining Laser > --- INVENTORY -------- Wheel Wheel EM Pulse Gun 1B-0RG's Assimilator [Rating: 23] Favorites ----------- Power Subdweller Power Source Engine Subdweller Power Source Propulsion Light Treads Treads Light Treads Wheel Wheel Utility Small Storage Unit Device Seismic Detector Storage Small Storage Unit Weapon Rocket Launcher Energy Gun Small Laser Launcher Rocket Launcher Special Weapon Mining Laser Build | -11 -10 -10 -7 ------- Run | Yrd Mat Sub Rec Slots Evolved . | . . . . Power . | . . . . Propulsion . | . . . . Utility . | . . . . Weapon . | . . . . Parts Attached 18 | 8 2 6 2 Power 4 | 2 . 2 . Engine 4 | 2 . 2 . Core . | . . . . Reactor . | . . . . Propulsion 4 | 2 . 1 1 Treads 2 | 2 . . . Leg . | . . . . Wheel 2 | . . 1 1 Hover . | . . . . Flight . | . . . . Utility 4 | 2 . 2 . Device 3 | 1 . 2 . Storage 1 | 1 . . . Processor . | . . . . Hackware . | . . . . Protection . | . . . . Artifact . | . . . . Weapon 6 | 2 2 1 1 Energy Gun 3 | 2 . . 1 Energy Cannon . | . . . . Ballistic Gun . | . . . . Ballistic Cannon . | . . . . Launcher 2 | . 2 . . Special Weapon 1 | . . 1 . Impact Weapon . | . . . . Slashing Weapon . | . . . . Piercing Weapon . | . . . . Special Melee Weapon . | . . . . Unidentified Prototypes . | . . . . Parts Lost 7 | . . 7 . Power 2 | . . 2 . Propulsion 2 | . . 2 . Utility . | . . . . Weapon 3 | . . 3 . Highest Loss Streak 3 | . . 3 . To Critical Strikes . | . . . . Average Backups 6 | 4 8 6 2 Power . | . 1 . . Propulsion 3 | 2 4 3 . Utility . | . 1 . . Weapon 1 | . 2 1 . Tool/Special . | . . . . Unused Backups 4 | . . 2 2 Power . | . . . . Propulsion 2 | . . 2 . Utility 1 | . . . 1 Weapon . | . . . . Tool/Special 1 | . . . 1 Average Slot Usage (%) 93 | . 100 95 40 Engine 13 | . 14 13 . Treads 25 | . 28 26 . Device 13 | . 14 13 10 Storage 13 | . 14 13 10 Energy Gun 2 | . 17 . 5 Launcher 20 | . 10 22 . Special Weapon 2 | . . 2 . Peak Build Rating 23 | 9 11 23 19 Average Rating 10 | 6 9 10 18 On Entrance 9 | . 9 11 17 Avg Prop Armor Cover (%) . | . . . . Naked Turns . | . . . . Heaviest Build 19 | 14 19 19 10 Greatest Support 40 | 40 40 40 20 Greatest Overweight (x) 4 | . . 4 . Average Overweight (x) . | . . . . Largest Inventory Capacity 8 | 8 8 8 8 Average Capacity 7 | 7 8 8 8 Most Carried 8 | 8 8 8 7 Average Carried 7 | 4 8 7 6 Final Capacity 8 | 8 8 8 8 Final Carried 8 | 8 8 7 6 Class Distribution -------------------- 100% | Mutant Dominant Class ---------------- Mutant | -10/Materials Mutant | -10/Subcaves Mutant | -7/Recycling Resources | -11 -10 -10 -7 ----------- Run | Yrd Mat Sub Rec Matter Collected 720 | 280 . 435 5 Remotely . | . . . . Salvage Created 207 | 108 . 99 . Parts 18 | 6 . 12 . Haulers Intercepted . | . . . . Recyclers Shooed . | . . . . Parts Field Recycled . | . . . . Retrieved Matter . | . . . . Parts Self-Destructed 7 | . . 7 . Prevented . | . . . . Parts Restored . | . . . . Kills | -11 -10 -10 -7 ------- Run | Yrd Mat Sub Rec Combat Hostiles Destroyed 8 | . . 8 . AOE 8 | . . 8 . Classes Destroyed 3 | 2 . 1 . Tunneler 2 | 2 . . . Recycler 1 | 1 . . . Subdweller 8 | . . 8 . Best Kill Streak 3 | 3 . 2 . Combat Bots Only 2 | . . 2 . Max Kills in Single Turn 1 | 1 . 1 . Gunslinging . | . . . . Exploded 1 | . . 1 . Melee . | . . . . Uniques/NPCs Destroyed . | . . . . Combat | -11 -10 -10 -7 -------- Run | Yrd Mat Sub Rec Hostile Shots Fired 106 | . . 94 12 Missed 40 | . . 34 6 Hits 66 | . . 60 6 Projectile 66 | . . 60 6 AOE 3 | . . 3 . Damage Taken 965 | . . 920 45 Core 258 | . . 241 17 Absorbed by Shields . | . . . . Core Remaining (%) 100 | 100 . . . Volleys Fired 29 | 6 . 23 . Largest 2 | 2 . 2 . Hottest 100 | 90 . 100 . Shots Fired 50 | 12 . 38 . Gun 12 | 12 . . . Cannon . | . . . . Launcher 35 | . . 35 . Special 3 | . . 3 . Kinetic . | . . . . Thermal 15 | 12 . 3 . Explosive 35 | . . 35 . Electromagnetic . | . . . . Robot Hit Streak 5 | 5 . 5 . Robot Miss Streak 4 | 1 . 4 . Penetration Max . | . . . . Secondary Targets . | . . . . Shots Hit Robots 25 | 9 . 16 . Core Hits 17 | 4 . 13 . Critical Kills . | . . . . Critical Parts Destroyed . | . . . . Critical Strikes 1 | 1 . . . Burn 1 | 1 . . . Melee Attacks . | . . . . Impact . | . . . . Slashing . | . . . . Piercing . | . . . . Sneak Attacks . | . . . . Combat Hostiles . | . . . . Follow-up Attacks . | . . . . Damage Inflicted 1480 | 128 . 1352 . Guns 128 | 128 . . . Cannons . | . . . . Explosions 1352 | . . 1352 . Melee . | . . . . Ramming . | . . . . Kinetic . | . . . . Thermal 128 | 128 . . . Explosive 1352 | . . 1352 . Electromagnetic . | . . . . Impact . | . . . . Slashing . | . . . . Piercing . | . . . . Highest Corruption . | . . . . Average Corruption . | . . . . Corruption Purged . | . . . . Corruption Blocked . | . . . . Overload Shots . | . . . . Overflow Damage 16 | . . 16 . Projectiles . | . . . . Explosions 16 | . . 16 . Melee . | . . . . Knockbacks . | . . . . Impact . | . . . . Kinetic . | . . . . Secondary . | . . . . Self-Inflicted Damage 182 | . . 182 . Shots 6 | . . 6 . Rammed . | . . . . Targets Rammed . | . . . . Kicked . | . . . . Crushed . | . . . . Highest Temperature 180 | 180 . . . Average Temperature 92 | 92 . . . Received Heat Transfer 228 | . . 210 18 Siege Activations . | . . . . Martial Activations . | . . . . Shielding Activations . | . . . . Robots Disrupted . | . . . . Combat Hostiles . | . . . . Robots Corrupted . | . . . . Combat Hostiles . | . . . . Parts Fried . | . . . . Impact Corruptions . | . . . . Robots Melted . | . . . . Combat Hostiles . | . . . . Parts Melted 2 | 2 . . . Heat Transferred 409 | 409 . . . Parts Sabotaged . | . . . . Parts Stolen . | . . . . Parts Stripped . | . . . . Power Chain Reactions . | . . . . Alert | -11 -10 -10 -7 ------- Run | Yrd Mat Sub Rec Maximum Alert Level . | . . . . Low Security (%) 100 | 100 100 . 100 Level 1 . | . . . . Level 2 . | . . . . Level 3 . | . . . . Level 4 . | . . . . Level 5 . | . . . . High Security . | . . . . Max Security . | . . . . Peak Influence 15 | 15 . . . Initial . | . . . . Average . | 1 . . . Influence Increases 15 | 15 . . . Destroy 0b10 Robot/NC 15 | 15 . . . Influence Decreases 15 | 15 . . . Time Decay 15 | 15 . . . Squads Dispatched . | . . . . Investigation . | . . . . Extermination . | . . . . Reinforcement . | . . . . Assault . | . . . . Garrison . | . . . . Intercept . | . . . . Searches Triggered . | . . . . Construction Impeded . | . . . . Haulers Reinforced . | . . . . Active Scanning Responses . | . . . . Cargo Convoy Interrupts . | . . . . Stealth | -11 -10 -10 -7 --------- Run | Yrd Mat Sub Rec Distress Signals . | . . . . Communications Jammed . | . . . . Distress Signals . | . . . . Times Spotted 17 | . . 16 1 Peak Tracking Total 6 | . . 6 1 Tactical Retreats . | . . . . Traps | -11 -10 -10 -7 ------- Run | Yrd Mat Sub Rec Traps Triggered 1 | . . 1 . Indirectly . | . . . . Trap Hack Attempts . | . . . . Triggered . | . . . . Disarmed . | . . . . Reprogrammed . | . . . . Reused . | . . . . Traps Extracted . | . . . . Installed . | . . . . Triggered . | . . . . Machines | -11 -10 -10 -7 ---------- Run | Yrd Mat Sub Rec Machines Disabled 1 | . . 1 . Max in Single Turn 1 | . . 1 . Machines Repaired . | . . . . Machines Dismantled . | . . . . Machines Sabotaged . | . . . . Overloaded Fab Kills . | . . . . Hacking | -11 -10 -10 -7 --------- Run | Yrd Mat Sub Rec Machines Accessed 1 | . . 1 . Terminals . | . . . . Fabricators . | . . . . Repair Stations . | . . . . Recycling Units . | . . . . Scanalyzers . | . . . . Garrison Access . | . . . . Total Hacks 9 | . . 9 . Successful 9 | . . 9 . Failed . | . . . . Catastrophic . | . . . . Database Lockouts . | . . . . Manual . | . . . . Terminals . | . . . . Fabricators . | . . . . Repair Stations . | . . . . Recycling Units . | . . . . Scanalyzers . | . . . . Garrison Access . | . . . . Terminal Hacks 9 | . . 9 . Record 8 | . . 8 . Proto ID Catalog 1 | . . 1 . Fabricator Hacks . | . . . . Repair Station Hacks . | . . . . Recycling Unit Hacks . | . . . . Scanalyzer . | . . . . Garrison Access Hacks . | . . . . Unauthorized Hacks . | . . . . Terminals . | . . . . Fabricators . | . . . . Repair Stations . | . . . . Recycling Units . | . . . . Scanalyzers . | . . . . Garrison Access . | . . . . Data Cores Recovered . | . . . . Used . | . . . . Hacking Detections . | . . . . Full Trace Events . | . . . . Feedback Events . | . . . . Feedback Blocked . | . . . . Robot Schematics Acquired . | . . . . Robots Built . | . . . . Authchips . | . . . . Time . | . . . . Total Robot Build Rating . | . . . . Part Schematics Acquired . | . . . . Parts Built . | . . . . Authchips . | . . . . Time . | . . . . Total Part Build Rating . | . . . . Part Studies Acquired . | . . . . Parts Repaired . | . . . . Time . | . . . . Parts Recycled . | . . . . Recycled Matter . | . . . . Retrieved Matter . | . . . . Retrieved Components . | . . . . Parts Scanalyzed . | . . . . Part Schematics Acquired . | . . . . Parts Damaged . | . . . . Bothacking | -11 -10 -10 -7 ------------ Run | Yrd Mat Sub Rec Used RIF Installer . | . . . . Robots Hacked . | . . . . Non-combat . | . . . . Combat . | . . . . Robot Hacks Applied . | . . . . Relay Couplers Released . | . . . . Fabnet Peak Effective % . | . . . . Robots Rewired . | . . . . Allies Hacked . | . . . . Hacks Repelled . | . . . . Allies | -11 -10 -10 -7 -------- Run | Yrd Mat Sub Rec Total Allies . | . . . . Largest Group . | . . . . Highest-Rated Group . | . . . . Highest-Rated Ally . | . . . . Total Orders . | . . . . Ally Attacks . | . . . . Total Damage . | . . . . Kills . | . . . . Allies Corrupted . | . . . . Allies Melted . | . . . . Intel | -11 -10 -10 -7 ------- Run | Yrd Mat Sub Rec Active Infowar (turns) 1848 | 45 257 1546 . Terrain 316 | 45 257 14 . Seismic 1532 | . . 1532 . Robot Analysis Total . | . . . . Derelict Logs Recovered 2 | . . 2 . Drone Launches . | . . . . Drone Recoveries . | . . . . Exploration | -11 -10 -10 -7 ------------- Run | Yrd Mat Sub Rec Turns Passed 2109 | 131 257 1657 64 Spaces Moved 1222 | 60 138 948 76 Core 7 | 3 . 4 . Treads 1133 | 57 138 938 . Legs . | . . . . Wheels 82 | . . 6 76 Hover . | . . . . Flight . | . . . . Fastest Speed 50 | 50 160 80 80 Average Speed 154 | 154 160 159 80 Slowest Speed 250 | 160 160 250 80 Overloaded Moves . | . . . . Propulsion Burnouts . | . . . . Robots Hopped . | . . . . Potential Cave-ins . | . . . . Cave-ins Triggered . | . . . . Exploration Rate (%) 23 | 3 21 60 11 Regions Visited 3 Branch Regions 2 Pre-discovered Areas . | . . . . Known Exits Taken . | . . . . Unknown Exits Taken 3 | 1 1 1 . Scrap Searched 2 | . . 2 . Spaces Dug . | . . . . Terrain Destroyed 157 | . . 157 . Melee . | . . . . Projectile . | . . . . AOE 157 | . . 157 . Terrain Rammed . | . . . . Walls Destroyed . | . . . . Machines Disabled . | . . . . Actions | -11 -10 -10 -7 --------- Run | Yrd Mat Sub Rec Total 1380 | 83 174 1044 79 Wait 94 | 2 33 59 . Move 1219 | 59 137 947 76 Hop . | . . . . Pick Up 10 | 8 . 1 1 Fast Attach 11 | 6 2 3 . Attach 6 | 1 . 3 2 Detach 2 | . . 2 . Swap 1 | 1 . . . Drop 8 | . 2 6 . Fire 29 | 6 . 23 . Melee . | . . . . Ram . | . . . . Kick . | . . . . Crush . | . . . . Escape Stasis . | . . . . Rewire . | . . . . Trap . | . . . . Miscellaneous . | . . . . Route ------- -11/Scrapyard -10/Materials (discovered 2 exits: [*Mat] / *Sub) -10/Subcaves (discovered 3 exits: [*Mat x2] / [*Rec]) -7/Recycling History --------- Turn | Location | Event 6 | -11/Scrapyard | Discovered new exit (range 15) 132 | -11/Scrapyard | Entered Materials 230 | -10/Materials | Discovered new exit (range 4) 273 | -10/Materials | Discovered new exit (range 8) 307 | -10/Materials | Build established: Mutant 389 | -10/Materials | Entered Subcaves 419 | -10/Subcaves | Discovered new exit (range 5) 626 | -10/Subcaves | Shifting Twisted Machinery released Sub. Machine Gun 771 | -10/Subcaves | Learned 4 Materials zone layouts 856 | -10/Subcaves | Discovered new exit (range 13) 1483 | -10/Subcaves | Learned Materials emergency access door positions 1911 | -10/Subcaves | Visited 4L-MR0's lab 1930 | -10/Subcaves | Found Prototype Special Melee Weapon 1938 | -10/Subcaves | Found Power Bank 1940 | -10/Subcaves | Attached Power Bank, gained temporary slots: Power x3 2028 | -10/Subcaves | Discovered new exit (range 12) 2037 | -10/Subcaves | Core integrity fell below 50% 2043 | -10/Subcaves | Core integrity fell below 20% 2046 | -10/Subcaves | Entered Recycling 2047 | -7/Recycling | Met a Zionite searching for Scraptown 2073 | -7/Recycling | Lost 3 parts (1p1n1w) 2110 | -7/Recycling | Destroyed by Y-54 Guardian with Gatling Laser Last Messages --------------- 01959_ Rocket Launcher destroyed. 01975_ Acquired 6 matter. 02028_ EXIT=FOUND 02029_ Lgt. Treads destroyed. 02030_ Mining Laser destroyed. 02033_ S-10 Pest destroyed. 02037_ Lgt. Ion Engine fries itself beyond repair. 02037_ S-10 Pest destroyed. 02042_ Sub. Power Source destroyed. LOCATION=UNKNOWN GOAL=ESCAPE 02047_ RR-HEL(z): "You there! You wouldn't happen to know where Scraptown is, do you?" 02048_ RR-HEL(z): "I've heard great things about that place, but almost no one seems to know where to find it, only that you access it somewhere from Recycling here." 02049_ RR-HEL(z): "Anyway I've been here searching too long already, time to slink back to the caves before I'm caught. You'd best do the same." 02063_ Acquired 5 matter. 02078_ Acquired Core Shielding. Map ----- +----------------------------------------------------+ | | | | | ?????????????????????????????????????????????????? | | ?????????????????????????????????????????????????? | | ?????????????????????????????????????????????????? | | ?????????????????????????????????????????????????? | | ?????????????????????????????????????????????????? | | ?????????????????????????????????????????????????? | | ?????????????????????????????????????????????????? | | ?????????????????????????????????????????????????? | | ?????????????????????????????????????????????????? | | ?????????????????????????????????????????????????? | | ?????????????????????????????????????????????????? | | ?????????????????????????????????????????????????? | | ?????????????????????????????#########???????????? | | ?????????????????????????????# #?########### | | ?????????????????????????????# """ #?# # | | ?????????????????????????????# "Y #?# # | | ?????????????????????????????# """ #?# %# | | ?????????????????????????????# #?# | | ?????????????????????????????# """" #?# ! ! # | | ?????????????????????????????# """" ### # | | ?????????????????????????????# """" ## ! # | | ?????????????????????????????# ### ! # | | ???????????????????#####+######+##+######+##+##### | | ???????????????????# @ | | ???????????????????# % | | ???????????????????# Y | | ???????????????????# ### #################+##### | | ???????????????????# r??###????????????# # | | ???????????????????# ??????????????????# # | | ???????????????????# ???????????????????# # | | ???????????????????#????????????????????# """# | | ????????????????????????????????????????# """# | | ????????????????????????????????????????# " """# | | ????????????????????????????????????????# T """# | | ????????????????????????????????????????# " ""?? | | ????????????????????????????????????????# ?? | | ????????????????????????????????????????########?? | | ?????????????????????????????????????????????????? | | ?????????????????????????????????????????????????? | | ?????????????????????????????????????????????????? | | ?????????????????????????????????????????????????? | | ?????????????????????????????????????????????????? | | ?????????????????????????????????????????????????? | | ?????????????????????????????????????????????????? | | ?????????????????????????????????????????????????? | | ?????????????????????????????????????????????????? | | ?????????????????????????????????????????????????? | | ?????????????????????????????????????????????????? | +----------------------------------------------------+ Best States ------------- Heat Dissipation 25 Energy Generation 15 Energy Capacity 250 Matter Stores 300 Matter Capacity 300 Sight Range 16 Terrain Scan Range 16 Terrain Scan Density 10 Evasion (%) 44 Recoil Reduction 2 Item Schematics ----------------- None Robot Schematics ------------------ None Fabricated ------------ Nothing Repaired ---------- Nothing Studied --------- None Alien Tech Used ----------------- None Achievements -------------- Mistaken Identity Challenges ------------ None Game ------ Seed FusionDisruptorCalibrator Manual? 0 Play Time 00:18:56 Cumulative 30.6 hours Start 2026.03.02 @ 15:43:02 End 2026.03.20 @ 13:45:01 Sessions 4 Manual Loads 0 Difficulty Rogue Special Mode None Game No. 40 Rogue 21 Adventurer 0 Explorer 19 Win Type - Total 0 Types 0/0/0/0/0/0/0/0/0/0 Lore% 23 Gallery% 23 Achievement% 20 Wizard Run 0 Options --------- Layout 0 ASCII 0 Keyboard 1 Movement Arrows Keybinds 0 Fullscreen 2 Font 18/SmallcapsGlow Map View 76x50 Zoom Use 0% Tactical HUD 1 Map Filters NONE Filters NONE Steam 1 RUN: 0b06a909-7f7b-408c-b47d-6e32872ba1fb